 Dungeon Crawl Stone Soup version 0.29.1-15-g9cfb28693d (webtiles) character file.

Game seed: 4124308292459838463

22283 nightchill the Fighter (level 12, -9/86 HPs)
             Began as a Gargoyle Fighter on Mar 14, 2023.
             Was an Initiate of Gozag.
             Killed from afar by a will-o-the-wisp (13 damage)
             ... with a foxfire
             ... on level 2 of the Lair of Beasts.
             The game lasted 00:37:38 (17075 turns).

nightchill the Fighter (Gargoyle Fighter)          Turns: 17075, Time: 00:37:38

Health: -9/86      AC: 35    Str: 21    XL:     12   Next: 98%
Magic:  0/21       EV: 10    Int: 13    God:    Gozag
Gold:   2851       SH:  5    Dex: 15    Spells: 9/11 levels left

rFire   . . .      SeeInvis +   a - +2 flail (protect)
rCold   . . .      Faith    .   c - +0 buckler
rNeg    + . .      Spirit   +   L - +4 ring mail "Loaxox" {rPois SInv Stlth-}
rPois   ∞          Reflect  .   e - +2 hat
rElec   +          Harm     .   (no cloak)
rCorr   .          Rampage  .   X - +2 pair of gloves
Will    .....                   E - +2 pair of boots
Stlth   ..........              p - amulet of guardian spirit
HPRegen 0.24/turn               g - +6 ring of dexterity
MPRegen 0.17/turn               O - ring of magical power

@: gold aura, under a protective aura
A: sickness immunity, AC +8, negative energy resistance 1, electricity
resistance, torment resistance 1, petrification resistance
a: Renounce Religion, Potion Petition, Call Merchant, Bribe Branch


You were on level 2 of the Lair of Beasts.
You worshipped Gozag.
Gozag was most pleased with you.
You visited 3 branches of the dungeon, and saw 14 of its levels.
You also visited: Bailey.

You collected 2978 gold pieces.
You paid 127 gold pieces to Gozag.

Inventory:

Hand Weapons
 a - a +2 flail of protection (weapon)
 b - a +0 sling of flaming
 w - a +0 whip of venom
Missiles
 h - 14 curare-tipped darts (quivered)
 i - a throwing net
 D - 7 javelins
 T - 4 datura-tipped darts
 U - 4 atropa-tipped darts
Armour
 c - a +0 buckler (worn)
 e - a +2 hat (worn)
 E - a +2 pair of boots (worn)
 L - the +4 ring mail "Loaxox" (worn) {rPois SInv Stlth-}
   (You found it on level 7 of the Dungeon)

   rPois:     It protects you from poison.
   SInv:      It lets you see invisible.
   Stlth:     It makes you less stealthy.
 X - a +2 pair of gloves (worn)
Magical Staves
 d - a staff of conjuration
Jewellery
 g - a +6 ring of dexterity (left hand)
 p - an amulet of guardian spirit (around neck)
 I - a ring of flight
 N - a ring of protection from cold
 O - a ring of magical power (right hand)
 Y - a ring of resist corrosion
Wands
 s - a wand of iceblast (4)
 Q - a wand of quicksilver (8)
 S - a wand of polymorph (4)
 V - a wand of charming (8)
Scrolls
 f - 3 scrolls of amnesia {unknown}
 k - 2 scrolls of magic mapping {unknown}
 l - 4 scrolls of enchant armour {unknown}
 m - 2 scrolls of summoning
 o - a scroll of immolation
 r - 3 scrolls of blinking
 x - 2 scrolls of teleportation
 y - 2 scrolls of silence {unknown}
 G - a scroll of enchant weapon {unknown}
 H - 5 scrolls of butterflies {unknown}
 J - 2 scrolls of fear {unknown}
 W - 2 scrolls of poison {unknown}
 Z - 3 scrolls of noise {unknown}
Potions
 n - 5 potions of lignification
 q - 7 potions of curing
 t - 3 potions of mutation
 u - 2 potions of heal wounds
 v - a potion of brilliance
 z - 3 potions of attraction
 A - 2 potions of resistance
 B - a potion of magic
 C - 14 potions of ambrosia
 F - 3 potions of flight
 M - 3 potions of haste
 P - a potion of berserk rage
Miscellaneous
 R - a box of beasts


   Skills:
 + Level 14.5 Fighting
 - Level 14.0 Maces & Flails
 * Level 8.4 Armour
 - Level 3.5 Shields
 * Level 5.4 Transmutations


You had 9 spell levels left.
You knew the following spells:

 Your Spells              Type           Power      Damage    Failure   Level
a - Wereblood             Tmut           14%        N/A       10%         2

Your spell library contained the following spells:

 Spells                   Type           Power      Damage    Failure   Level
 Beastly Appendage        Tmut           28%        N/A       7%          1
 Apportation              Tloc           0%         N/A       52%         1
 Foxfire                  Conj/Fire      0%         2x1d4     52%         1
 Magic Dart               Conj           0%         1d3       52%         1
 Necrotise                Necr           0%         1d4       52%         1
 Summon Small Mammal      Summ           0%         N/A       52%         1
 Spider Form              Tmut/Pois      7%         N/A       52%         3
 Call Imp                 Summ           0%         N/A       67%         2
 Call Canine Familiar     Summ           0%         N/A       88%         3
 Conjure Flame            Conj/Fire      0%         6-21      88%         3
 Inner Flame              Hex/Fire       0%         N/A       88%         3
 Mephitic Cloud           Conj/Pois/Air  0%         N/A       88%         3
 Portal Projectile        Hex/Tloc       0%         N/A       88%         3
 Swiftness                Air            0%         N/A       88%         3
 Cause Fear               Hex            0%         N/A       99%         4
 Flame Wave               Conj/Fire      0%         2d4       99%         4
 Hailstorm                Conj/Ice       0%         3d3       99%         4
 Leda's Liquefaction      Hex/Erth       0%         N/A       99%         4
 Summon Ice Beast         Ice/Summ       0%         N/A       99%         4
 Summon Lightning Spire   Summ/Air       0%         N/A       99%         4
 Summon Forest            Summ/Tloc      0%         N/A       100%        5
 Eringya's Noxious Bog    Tmut/Pois      3%         N/A       100%        6
 Dragon Form              Tmut           7%         N/A       100%        7
 Summon Hydra             Summ           0%         N/A       100%        7
 Dragon's Call            Summ           0%         N/A       100%        9


Dungeon Overview and Level Annotations

Branches:
Dungeon (11/15)            Temple (1/1) D:6            Lair (2/5) D:11
    Orc (0/2) D:9          Bailey (visited)
  Swamp: Lair:2-3    Shoals: Lair:2-3     Snake: Lair:2-3    Spider: Lair:2-3

Altars:
Ashenzari
Cheibriados
Dithmenos
Elyvilon
Fedhas
Gozag
Hepliaklqana
Kikubaaqudgha
Makhleb
Nemelex Xobeh
Okawaru
Qazlal
Ru
Sif Muna
Trog
Uskayaw
Vehumet
Wu Jian
Xom
Yredelemnul
Zin
The Shining One

Shops:
D:4 :   D:6 *(

Annotations:
D:8 1 runed translucent door, exclusions: downstairs and 1 more exclusion, enotiy's ghost, novice GrFi


Innate Abilities, Weirdness & Mutations

You are immune to sickness and miasma.
Your stone body is resilient. (AC +8)
You are immune to poison.
You resist negative energy. (rN+)
You are resistant to electric shocks. (rElec)
You are resistant to unholy torment.
You are immune to petrification.


Message History

The will-o-the-wisp engulfs you but does no damage.
You see here 14 gold pieces.
You hit the will-o-the-wisp but do no damage.
Your weapon exudes an aura of protection.
You sock the will-o-the-wisp!
The will-o-the-wisp is lightly damaged.
The will-o-the-wisp engulfs you but does no damage.
You hit the will-o-the-wisp.
The will-o-the-wisp is moderately damaged.
The will-o-the-wisp gestures.
The will-o-the-wisp conjures some foxfire! 2 foxfires come into view.
You barely miss the will-o-the-wisp.
The will-o-the-wisp is moderately damaged.
The foxfire hits you! The foxfire hits you!!
* * * LOW HITPOINT WARNING * * *
The will-o-the-wisp gestures.
The will-o-the-wisp conjures some foxfire! 2 foxfires come into view.
You sock the will-o-the-wisp!
The will-o-the-wisp is severely damaged.
The foxfire hits you but does no damage.
The foxfire hits you!
* * * LOW HITPOINT WARNING * * *
You closely miss the will-o-the-wisp.
The will-o-the-wisp is severely damaged.
The will-o-the-wisp engulfs you!
* * * LOW HITPOINT WARNING * * *
You closely miss the will-o-the-wisp.
The will-o-the-wisp is severely damaged.
The will-o-the-wisp gestures.
The will-o-the-wisp conjures some foxfire! 2 foxfires come into view.
You hit the will-o-the-wisp.
The will-o-the-wisp is severely damaged.
The foxfire hits you!
* * * LOW HITPOINT WARNING * * *
The foxfire hits you!
You die...
Your body crumbles into a pile of gold.

#..... #....
#.... #####
##...+......
#....#P.....
#....#......
##..........
#P....#.....
##.§@## ##.#
#.vv######
#..§§......
#<.........
#..........
#..........
#..#.....##
#..####..P.
#... ....


You could see a will-o-the-wisp.

Vanquished Creatures
  Harold (Lair:1)
  A two-headed ogre (D:7)
  A catoblepas (Lair:1)
  A cyclops (D:11)
  A black mamba (Lair:1)
  3 cane toads (Lair:1)
  A gargoyle (D:10)
  3 kobold demonologists
  3 rime drakes
  2 komodo dragons (D:11)
  A queen bee (D:10)
  3 trolls
  2 polar bears (Lair:1)
  Prince Ribbit (D:8)
  Sigmund (D:3)
  2 wyverns
  42 yaks
  3 shadows
  4 vampire mosquitoes (D:11)
  3 steam dragons
  Duvessa (D:5)
  3 water moccasins
  A black bear (D:6)
  6 orc warriors
  A sky beast (D:6)
  2 ogres
  2 centaurs
  A phantom (D:5)
  14 kobold brigands
  3 bullfrogs
  3 necrophages
  5 scorpions
  14 wights
  48 killer bees
  Dowan (D:5)
  An electric eel (D:8)
  9 howler monkeys
  2 hounds
  A jelly (D:4)
  A gnoll bouda (D:5)
  6 orc priests
  3 iguanas
  11 orc wizards
  Robin (D:3)
  8 gnolls (D:5)
  12 adders
  A shadow imp (D:7)
  An ufetubus (D:6)
  2 worms
  2 dart slugs (D:3)
  40 orcs
  4 ball pythons
  5 endoplasms
  7 giant cockroaches
  17 goblins
  24 hobgoblins
  2 jackals (D:1)
  7 quokkas
  4 bats
  A frilled lizard (D:1)
  36 kobolds
  9 rats
401 creatures vanquished.

Vanquished Creatures (others)
  An angel (D:6)
  An orc wizard (D:10)
  7 foxfires (Lair:2)
  24 plants
33 creatures vanquished.

Grand Total: 434 creatures vanquished

Notes
Turn   | Place    | Note
-------+----------+-------------------------------------------
     0 | D:1      | nightchill the Gargoyle Fighter began the quest for the
                  | Orb.
     0 | D:1      | Reached XP level 1. HP: 14/14 MP: 1/1
   206 | D:1      | Reached XP level 2. HP: 19/19 MP: 2/2
   500 | D:1      | Reached XP level 3. HP: 24/24 MP: 3/3
  1192 | D:2      | Reached XP level 4. HP: 26/29 MP: 4/4
  1875 | D:3      | Noticed Sigmund
  1891 | D:3      | Killed Sigmund
  1892 | D:3      | Reached skill level 5 in Maces & Flails
  1892 | D:3      | Reached XP level 5. HP: 25/34 MP: 5/5
  1892 | D:3      | Reached XP level 6. HP: 29/40 MP: 6/6
  1997 | D:3      | Noticed Robin
  2012 | D:3      | Killed Robin
  2013 | D:3      | Reached skill level 5 in Fighting
  2218 | D:3      | Found an iron altar of Okawaru.
  2511 | D:3      | Found a faded altar of an unknown god.
  2518 | D:3      | Found a basalt altar of Yredelemnul.
  3091 | D:4      | Found Gaagub Hiali's Vocational Training.
  3209 | D:4      | Reached XP level 7. HP: 43/44 MP: 5/7
  4148 | D:5      | Entered Level 5 of the Dungeon
  4704 | D:5      | Reached XP level 8. HP: 49/52 MP: 8/8
  4866 | D:5      | Found an ornate altar of the Wu Jian Council.
  5039 | D:5      | Found a white marble altar of Elyvilon.
  5161 | D:5      | Found a sacrificial altar of Ru.
  5189 | D:5      | Noticed Duvessa
  5194 | D:5      | Noticed Dowan
  5211 | D:5      | Killed Duvessa
  5218 | D:5      | Killed Dowan
  6281 | D:6      | Reached XP level 9. HP: 32/58 MP: 5/9
  6429 | D:6      | Found a glowing silver altar of Zin.
  6431 | D:6      | Noticed an angel
  6435 | D:6      | Found a shimmering altar of Xom.
  6752 | D:6      | Reached skill level 10 in Maces & Flails
  6913 | D:6      | Found a staircase to the Ecumenical Temple.
  6926 | Temple   | Entered the Ecumenical Temple
  6933 | Temple   | Became a worshipper of Gozag Ym Sagoz the Greedy
  6948 | D:6      | Noticed a troll
  6952 | D:6      | Found Wimn's Weapon Shoppe.
  6965 | D:6      | Killed a troll
  7650 | D:6      | Found Jahett's Elemental Accessories.
  7743 | D:6      | Found an ancient bone altar of Kikubaaqudgha.
  7929 | D:6      | Killed an angel
  8131 | D:7      | Identified the +4 ring mail "Loaxox" {rPois SInv Stlth-}
  8194 | D:7      | Found a blossoming altar of Fedhas.
  8296 | D:7      | Noticed a two-headed ogre
  8317 | D:7      | Killed a two-headed ogre
  8318 | D:7      | Reached XP level 10. HP: 30/66 MP: 3/10
  8833 | D:7      | Found a broken altar of Ashenzari.
  8865 | D:7      | Found a shadowy altar of Dithmenos.
  9331 | D:8      | Reached skill level 10 in Fighting
  9433 | D:8      | Found a flagged portal.
  9442 | Bailey   | Entered a bailey
  9567 | Bailey   | Got Zoer's Tractate on Snow and the Wind
  9876 | Bailey   | Found a bloodstained altar of Trog.
 10177 | D:8      | Found a runed translucent door.
 10207 | D:8      | Found a bloodstained altar of Trog.
 10278 | D:8      | Noticed Prince Ribbit
 10305 | D:8      | Killed Prince Ribbit
 10524 | D:8      | Noticed enotiy's ghost (novice GrFi)
 10528 | D:8      | Noticed a manticore
 10744 | D:9      | Noticed a kobold demonologist
 10744 | D:9      | Noticed a kobold demonologist
 10756 | D:8      | Killed a kobold demonologist
 11179 | D:9      | Found a staircase to the Orcish Mines.
 11233 | D:9      | Reached XP level 11. HP: 73/73 MP: 11/11
 11350 | D:9      | Noticed a sixfirhy
 12711 | D:10     | Entered Level 10 of the Dungeon
 12789 | D:10     | Found a hide-covered altar of Uskayaw.
 13397 | D:10     | Learned a level 2 spell: Wereblood
 13527 | D:10     | Reached skill level 1 in Transmutations
 13540 | D:10     | Reached XP level 12. HP: 68/84 MP: 12/12
 14069 | D:10     | Reached skill level 5 in Armour
 14193 | D:10     | You fall into a shaft and drop 1 floor!
 14781 | D:11     | Found a staircase to the Lair.
 15119 | Lair:1   | Entered Level 1 of the Lair of Beasts
 15282 | Lair:1   | Noticed a catoblepas
 15308 | Lair:1   | Killed a catoblepas
 15708 | Lair:1   | Noticed Urug
 15712 | Lair:1   | Noticed Urug
 15712 | Lair:1   | Urug changed into Urug the polar bear
 15723 | Lair:1   | Killed Urug the polar bear
 15873 | Lair:1   | Noticed Harold
 15891 | Lair:1   | Killed Harold
 16335 | D:11     | Reached skill level 5 in Transmutations
 17075 | Lair:2   | HP: 4/86 [will-o-the-wisp/foxfire (12)]
 17075 | Lair:2   | Killed from afar by a will-o-the-wisp

Illustrated notes

Levels and vault maps discovered:
D:1:      dpeg_arrival_ternary, layout_loops_cross, hangedman_glass_teeth,
          minmay_rat_gold_closets
D:2:      layout_loops_ring
D:3:      layout_loops_ring, nicolae_overflow_ecumenical_swirl, okawaru_trees_2,
          uniq_sigmund, uniq_robin
D:4:      layout_cave_pods, nicolae_shop_vocational
D:5:      corexii_shantytown, layout_loops_corners,
          mainiacjoe_overflow_alcove_1, nzn_wu_jian_contemplation,
          elyvilon_altar_3, uniq_duvessa
D:6:      layout_layer_cave, grunt_temple_overflow_order_and_chaos_1,
          kiku_gazebo_pond_becter, minmay_temple_entry_offerings, serial_shops,
          shop, nicolae_elemental_shop
D:7:      layout_gridville, nicolae_dithmenos_the_darkroom,
          nicolae_ashenzari_panopticon, fedhas_altar_2
D:8:      layout_loops_ring, bloody_trog, ebering_ghost_inner_flame,
          enter_bailey_6, nicolae_water_bricks, uniq_prince_ribbit1
D:9:      layout_stronghold, orc_0_dummy
D:10:     layout_roguey [special_room_bee], eat_drink_and_be_merry_uskayaw,
          minmay_fractal_squares_5
D:11:     layout_cave_pools, david_lair_shrubbed
Temple:   nicolae_temple_cloud_nine
Lair:1:   layout_hall_layers, uniq_urug, uniq_harold
Lair:2:   layout_regular_city, minmay_swamp_entry_wisps, basic_altar,
          eino_house_with_fridge, lemuel_fruit_fields, serial_bayou_shore_a,
          lemuel_fruit_tree

Skill      XL: |  1  2  3  4  5  6  7  8  9 10 11 12 |
---------------+-------------------------------------+-----
Maces & Flails | 3 5 6 7 9 11 13 14 | 14.0
Fighting       | 4 5 6 7 9 10 13 14 | 14.5
Armour         | 4 8 |  8.4
Transmutations | 1 5 |  5.4
Shields        | |  3.5

Action                   |  1- 3 |  4- 6 |  7- 9 | 10-12 || total
-------------------------+-------+-------+-------+-------++-------
Melee: Flail             |   112 |   150 |   390 |  1177 ||  1829
       Whip              |       |       |    81 |   121 ||   202
 Fire: Sling             |       |     3 |       |       ||     3
Throw: Dart              |       |       |     2 |       ||     2
 Cast: Wereblood         |       |       |       |     1 ||     1
Evoke: Wand              |       |       |     1 |     5 ||     6
  Use: Potion            |       |     2 |     3 |     5 ||    10
       Scroll            |       |       |     9 |     7 ||    16
 Stab: Distracted        |       |       |       |    10 ||    10
       Invisible         |       |       |       |     2 ||     2
Armor: Scale mail        |    31 |       |       |       ||    31
       Plate armour      |    28 |   117 |   338 |       ||   483
       Ring mail         |       |       |    18 |   556 ||   574
       Skin              |       |       |       |   124 ||   124
Dodge: Dodged            |    48 |    31 |   134 |   463 ||   676
Block: Buckler           |    29 |    35 |   115 |   263 ||   442
